AoeStats
← Chaac1706

Arabia

503490788Analyzed
1v1 RM · 1mo ago on Aug 31, 2026· 34m 33s· 2 players
Game mode
Random Map
Map size
Tiny (2 player)
Population
200
Speed
Normal
Resources
Standard
Victory
Conquest
Starting age
Dark Age
Ending age
Imperial Age
RankedLock teamsTeams togetherTeam positionsShared explorationLock speedFull tech treeHidden civsTurbo modeCheats
Victory
Defeat
🇨🇴 Muisca · Colombia
1151
+16
🇺🇸 Tupi · United States
1151
-16
Chaac1706
6:10 Loom
9:06 Feudal Age
9:07 Champi Runner
13:38 Scale Mail Armor
14:07 Forging
17:48 Horse Collar
17:54 Double-Bit Axe
19:46 Wheelbarrow
23:18 Castle Age
21:14 Fletching
24:10 Town Watch
24:40 Hand Cart
24:47 Bow Saw
25:14 Champi Warrior
27:20 Bodkin Arrow
29:21 Squires
32:04 Chain Mail Armor
ABRAXAS
7:10 Loom
10:10 Feudal Age
15:07 Castle Age
14:23 Horse Collar
21:44 Fletching
22:30 Double-Bit Axe
24:38 Gold Mining
26:50 Bodkin Arrow
28:30 Padded Archer Armor
29:42 Ballistics
30:50 Leather Archer Armor
31:04 Bow Saw
Connection lost

Rejoining the realm…

Still unreachable

The connection could not be restored.

Session expired

The server has moved on; the page needs a fresh start.